 Dungeon Crawl Stone Soup version 0.29-a0-397-g846e4a0bbc (webtiles) character file.

Game seed: 757545955073530532

8982 MordorOrchid the Nimble (level 11, -3/74 HPs)
             Began as a Djinni Abyssal Knight on May 12, 2022.
             Was a High Priest of Lugonu.
             Slain by Snorg (9 damage)
             ... on level 10 of the Dungeon.
             The game lasted 00:38:06 (10642 turns).

MordorOrchid the Nimble (Djinni Abyssal Knight)    Turns: 10642, Time: 00:38:08

Health: -3/74      AC: 19    Str: 12    XL:     11   Next: 65%
Gold:   687        EV: 15    Int: 17    God:    Lugonu [*****.] SH:  0 Dex: 15

rFire   + + .      SeeInvis .   a - +6 flail "Xobber" {vamp, Dex+2}
rCold   x . .      Faith    .   (no shield)
rNeg    . . .      Spirit   .   L - +5 swamp dragon scales
rPois   ∞          Reflect  .   B - +0 hat {Will+}
rElec   .          Harm     .   U - +2 cloak
rCorr   .          Rampage  .   i - +1 pair of gloves
Will    ++...                   (boots unavailable)
Stlth   +.........              (no amulet)
HPRegen 0.22/turn               w - +4 ring of slaying
MPRegen 0.00/turn               (no ring)

@: flying
A: sickness immunity, fire resistance 2, cold vulnerability 1, float, innate
caster, HP casting, extra vitality 1
a: Renounce Religion, Depart the Abyss, Bend Space, Banish, Corrupt, Enter the
Abyss


You were on level 10 of the Dungeon.
You worshipped Lugonu.
Lugonu was extremely pleased with you.
You visited 2 branches of the dungeon, and saw 11 of its levels.
You visited the Abyss 1 time.

You collected 687 gold pieces.

Inventory:

Hand Weapons
 a - the +6 flail "Xobber" (weapon) {vamp, Dex+2}
   (You found it on level 3 of the Dungeon)

   It occasionally heals its wielder for a portion of the damage dealt when it
   wounds a living foe.
   Dex:       It affects your dexterity (+2).
 t - a +1 falchion
 y - a +4 dagger of venom
 S - a +0 falchion of electrocution
 V - a +2 short sword of electrocution
 X - a +3 dagger of chaos
 Z - a +1 scimitar of flaming
Missiles
 e - a boomerang of dispersal (quivered)
 g - 10 poisoned darts
 m - 4 datura-tipped darts
 o - 3 javelins
 q - 3 boomerangs
Armour
 i - a +1 pair of gloves (worn)
 B - a +0 hat of willpower (worn)
 L - +5 swamp dragon scales (worn)
 U - a +2 cloak (worn)
Magical Staves
 b - a staff of fire
Jewellery
 w - a +4 ring of slaying (left hand)
 R - the ring "Zurhaoll" {Ice Str+2}
   (You took it off Psyche on level 8 of the Dungeon)

   [ring of ice]

   It enhances your ice magic.
   Str:       It affects your strength (+2).
   rF:        It makes you vulnerable to fire.
   rC:        It protects you from cold.
Wands
 f - a wand of flame (13)
 A - a wand of iceblast (6)
 E - a wand of digging (4)
 T - a wand of paralysis (5)
 W - a wand of acid (7)
Scrolls
 k - 3 scrolls of fear
 l - a scroll of enchant weapon {unknown}
 n - a scroll of magic mapping {unknown}
 p - a scroll of immolation {unknown}
 F - 4 scrolls of teleportation
 G - a scroll of torment {unknown}
 H - 2 scrolls of poison
 M - 2 scrolls of noise
 O - a scroll of vulnerability
 P - a scroll of fog {unknown}
Potions
 h - a potion of might
 r - 3 potions of haste
 s - a potion of experience {unknown}
 u - 3 potions of cancellation
 v - a potion of resistance {unknown}
 x - a potion of mutation {unknown}
 z - a potion of invisibility
 C - 3 potions of heal wounds
 D - 2 potions of brilliance
 I - a potion of lignification
 J - 4 potions of attraction
 K - a potion of curing
 Q - 4 potions of berserk rage
Miscellaneous
 c - a piece from Xom's chessboard (15/15)


   Skills:
 * Level 4.6 Fighting
 - Level 1.9 Long Blades
 - Level 5.1 Maces & Flails
 - Level 0.3(1.2) Slings
 - Level 1.9(2.0) Throwing
 - Level 7.0 Armour
 + Level 11.3 Dodging
 - Level 1.0 Stealth
 * Level 7.0 Spellcasting
 * Level 2.8 Invocations
 * Level 1.1 Evocations


You had 10 spell levels left.
You knew the following spells:

 Your Spells              Type           Power      Damage    Failure   Level
a - Freeze                Ice            100%       1d11      1%          1
b - Call Imp              Summ           29%        N/A       1%          2
c - Dazzling Flash        Conj/Hex       58%        N/A       3%          3
d - Petrify               Tmut/Erth      29%        N/A       13%         4
e - Cause Fear            Hex            14%        N/A       13%         4
Your spell library was empty.

Dungeon Overview and Level Annotations

Branches:
Dungeon (10/15)            Temple (1/1) D:5
   Lair: D:8-11         Orc: D:9-12

Altars:
Ashenzari
Cheibriados
Dithmenos
Elyvilon
Fedhas
Gozag
Hepliaklqana
Kikubaaqudgha
Makhleb
Nemelex Xobeh
Okawaru
Qazlal
Ru
Sif Muna
Trog
Uskayaw
Vehumet
Wu Jian
Xom
Yredelemnul
Zin
The Shining One

Shops:
D:4 *

Annotations:
D:4 Menkaure
D:10 Snorg


Innate Abilities, Weirdness & Mutations

You are immune to sickness and miasma.
You are immune to poison.
Your flesh is very heat resistant. (rF++)
You are vulnerable to cold. (rC-)
You float through the air rather than walking.
You learn spells naturally, not from books.
Your magical power is your life essence.
You have superior vitality. (+4 MHP)


Message History

You thump Snorg!
Snorg is heavily wounded.
The boulder beetle leaps!
Snorg shakes off her lethargy.
Snorg goes berserk!
You hit Snorg.
Snorg is heavily wounded.
Snorg barely misses you. Snorg misses you. Snorg claws you but does no damage.
Snorg misses you. Snorg claws you. Snorg misses you.
You barely miss Snorg.
Snorg is heavily wounded.
Snorg barely misses you. Snorg claws you but does no damage. x2
You hit Snorg but do no damage.
Snorg is severely wounded.
Snorg closely misses you. Snorg claws you but does no damage. Snorg claws you!
Snorg bites you! Snorg closely misses you. Snorg claws you.
You barely miss Snorg.
Snorg is severely wounded.
Snorg bites you! Snorg claws you! x2
* * * LOW HITPOINT WARNING * * *
Snorg bites you but does no damage. Snorg claws you!
* * * LOW HITPOINT WARNING * * *
Snorg claws you.
* * * LOW HITPOINT WARNING * * *
Blink to where?
Press: ? - help, Dir - move target, p - Snorg
As you read the scroll of blinking, it crumbles to dust.
Found a scroll of fear.
You hear a shout! x2
Snorg rages.
Aiming: Corrosive Bolt
Press: ? - help, Shift-Dir - straight line, f - Snorg
Aim: Snorg (severely wounded, berserk, very poisoned, 71% to hit)
The bolt of acid hits Snorg!
The acid corrodes Snorg!
Snorg is severely wounded.
Aiming: Corrosive Bolt
Press: ? - help, Shift-Dir - straight line, f/p - Snorg
Aim: Snorg (severely wounded, berserk, very poisoned, covered in acid, 71% to hit)
The bolt of acid hits Snorg!
Snorg seems to be corroded for longer.
Snorg is almost dead.
Snorg bites you!
You die...

#........##....#......#
#..............#......#
#........##....#......+
#..............#......#
#........#.....#......#
#........##....#......#
#........##..#.#...)..#
######.####.#T.#......#
#......#.@#.######
###.#...##..#
#.##......# #.#########
#+#


You could see Snorg (berserk, very poisoned, corroded).

Vanquished Creatures
  Gastronok (D:8)
  Erica (D:8)
  Maurice (D:8)
  Maggie (D:6)
  Psyche (D:8)
  Prince Ribbit (D:5)
  A hornet (D:9)
  A vampire (D:10)
  A wraith (D:9)
  12 yaks (D:9)
  A steam dragon (D:8)
  Edmund (D:6)
  3 water moccasins
  Duvessa (D:5)
  3 sky beasts
  An ice beast (D:8)
  2 orc warriors (D:9)
  A black bear (D:7)
  3 ogres
  A centaur (D:9)
  8 bullfrogs
  2 kobold brigands (D:8)
  A necrophage (D:7)
  A gnoll sergeant (D:10)
  6 scorpions
  Dowan (D:5)
  5 killer bees (D:6)
  2 howler monkeys
  A gnoll shaman (D:6)
  An orc priest (D:9)
  3 hounds
  4 jellies
  5 iguanas
  9 orc wizards
  7 gnolls
  13 adders
  2 shadow imps
  2 white imps
  4 ufetubi
  2 worms
  2 dart slugs (D:4)
  26 orcs
  2 ball pythons
  3 endoplasms
  5 giant cockroaches
  5 goblins
  4 hobgoblins
  A jackal (D:3)
  33 kobolds
  3 quokkas
  6 bats
  6 frilled lizards
  A rat (D:2)
214 creatures vanquished.

Vanquished Creatures (others)
  47 fungi (D:10)
  121 plants
168 creatures vanquished.

Grand Total: 382 creatures vanquished

Notes
Turn   | Place    | Note
-------+----------+-------------------------------------------
     0 | Abyss:1  | MordorOrchid the Djinni Abyssal Knight began the quest for
                  | the Orb.
     0 | Abyss:1  | Reached XP level 1. HP: 20/20 MP: 0/0
    72 | D:1      | Escaped the Abyss
   358 | D:1      | Reached XP level 2. HP: 23/25 MP: 0/0
  1007 | D:2      | Reached XP level 3. HP: 30/30 MP: 0/0
  1007 | D:2      | Learned a level 1 spell: Freeze
  1495 | D:2      | Found a faded altar of an unknown god.
  1618 | D:2      | Reached XP level 4. HP: 29/35 MP: 0/0
  1793 | D:2      | Found a sparkling altar of Nemelex Xobeh.
  2088 | D:2      | Reached skill level 1 in Spellcasting
  2221 | D:3      | Reached skill level 1 in Stealth
  2229 | D:3      | HP: 1/35 [orc/+0 club (4)]
  2552 | D:3      | Reached XP level 5. HP: 34/40 MP: 0/0
  2552 | D:3      | Learned a level 2 spell: Call Imp
  2696 | D:3      | Identified the +6 flail "Xobber" {vamp, Dex+2}
  2791 | D:3      | Found a stormy altar of Qazlal.
  3038 | D:3      | Reached *** piety under Lugonu
  3186 | D:3      | Reached skill level 3 in Dodging
  3421 | D:3      | Reached XP level 6. HP: 46/46 MP: 0/0
  3817 | D:4      | Found Ronagheu's Neck Hole.
  3901 | D:4      | Noticed Menkaure
  3945 | D:4      | Reached skill level 1 in Maces & Flails
  4429 | D:4      | Reached XP level 7. HP: 47/50 MP: 0/0
  4429 | D:4      | Learned a level 3 spell: Dazzling Flash
  4502 | D:5      | Entered Level 5 of the Dungeon
  4577 | D:5      | Found a staircase to the Ecumenical Temple.
  4593 | Temple   | Entered the Ecumenical Temple
  5207 | D:5      | Reached skill level 4 in Dodging
  5272 | D:5      | Found an opulent altar of Gozag.
  5330 | D:5      | Noticed Duvessa
  5330 | D:5      | Noticed Dowan
  5342 | D:5      | Killed Duvessa
  5349 | D:5      | Killed Dowan
  5350 | D:5      | Reached XP level 8. HP: 56/56 MP: 0/0
  5379 | D:5      | Noticed Prince Ribbit
  5386 | D:5      | Killed Prince Ribbit
  5508 | D:5      | Reached skill level 5 in Maces & Flails
  5597 | D:5      | Reached skill level 5 in Dodging
  5751 | D:6      | Noticed Edmund
  5764 | D:6      | Reached XP level 9. HP: 39/62 MP: 0/0
  5764 | D:6      | Learned a level 4 spell: Petrify
  5773 | D:6      | Reached skill level 6 in Dodging
  5777 | D:6      | Killed Edmund
  5786 | D:6      | Noticed Maggie
  5836 | D:6      | Killed Maggie
  5837 | D:6      | Reached skill level 7 in Dodging
  5906 | D:6      | Reached **** piety under Lugonu
  6198 | D:6      | Reached skill level 5 in Spellcasting
  6205 | D:6      | Found a shadowy altar of Dithmenos.
  6564 | D:6      | Found a hide-covered altar of Uskayaw.
  6664 | D:7      | Reached skill level 8 in Dodging
  6766 | D:7      | Reached XP level 10. HP: 68/68 MP: 0/0
  6799 | D:7      | Found a snail-covered altar of Cheibriados.
  7067 | D:7      | Reached skill level 1 in Throwing
  7384 | D:8      | Noticed Maurice
  7385 | D:8      | Noticed Gastronok
  7386 | D:8      | Noticed Psyche
  7718 | D:8      | Found a broken altar of Ashenzari.
  7730 | D:8      | Killed Maurice
  7897 | D:8      | Found a large runed translucent door.
  7897 | D:8      | Found a large runed translucent door.
  8086 | D:8      | Identified the ring "Zurhaoll" {Ice Str+2}
  8095 | D:8      | Killed Psyche
  8096 | D:8      | Reached skill level 5 in Armour
  8379 | D:8      | Killed Gastronok
  8380 | D:8      | Reached skill level 9 in Dodging
  8540 | D:8      | Noticed Erica
  8584 | D:8      | Killed Erica
  8585 | D:8      | Reached XP level 11. HP: 63/73 MP: 0/0
  8585 | D:8      | Learned a level 4 spell: Cause Fear
  8636 | D:8      | Found a hazy altar of Hepliaklqana.
  9099 | D:8      | Reached skill level 10 in Dodging
  9114 | D:8      | Found a shimmering altar of Xom.
  9117 | D:8      | Found a blossoming altar of Fedhas.
  9372 | D:9      | Reached ***** piety under Lugonu
  9417 | D:9      | Reached skill level 11 in Dodging
 10084 | D:9      | Reached skill level 1 in Evocations
 10284 | D:10     | Entered Level 10 of the Dungeon
 10618 | D:10     | Noticed Snorg
 10629 | D:10     | Noticed a boulder beetle
 10642 | D:10     | Slain by Snorg

Illustrated notes

Levels and vault maps discovered:
D:1:      amcnicky_arrival_flooded_fountain, layout_loops_ring
D:2:      layout_loops_corners, basic_altar, chequers_ecumenical_altar_lobes,
          minmay_misc_feat_five, minivault_14
D:3:      layout_basic, gammafunk_temple_overflow_statue,
          kennysheep_generic_room_16
D:4:      layout_basic, nicolae_shop_sticking_my_neck_out, uniq_menkaure
D:5:      layout_basic, jmf_multi_god_temple,
          minmay_temple_entry_statues_fountains, uniq_duvessa,
          uniq_prince_ribbit1
D:6:      layout_basic, mainiacjoe_overflow_alcove_2, nicolae_overflow_squiral,
          kennysheep_opposing_triangles, uniq_edmund, uniq_maggie
D:7:      layout_basic, overflow_temple_1_default
D:8:      kennysheep_kobold_camp, layout_rooms, mainiacjoe_overflow_alcove_4,
          worldfamousw_hep_ancestral_shrine, jmf_multi_god_temple2,
          minivault_23, uniq_maurice, uniq_psyche, uniq_gastronok, uniq_erica
D:9:      layout_loops_cross
D:10:     layout_roguey, due_lair_maze_entry_diamond,
          nicolae_trove_entry_diagonal, ebering_ghost_reflecting_pool,
          minmay_curled_crystal, nicolae_underground_beach, uniq_harold,
          uniq_snorg
Temple:   dpeg_chambers_temple

Skill      XL: |  1  2  3  4  5  6  7  8  9 10 11 |
---------------+----------------------------------+-----
Invocations    | 2 |  2.8
Spellcasting   | 1 2 3 4 5 6 7 |  7.0
Stealth        | 1 |  1.0
Dodging        | 3 4 5 8 9 11 | 11.3
Maces & Flails | 2 3 5 |  5.1
Fighting       | 4 |  4.6
Armour         | 3 7 |  7.0
Throwing       | 1 |  1.9
Evocations     | 1 |  1.1
Long Blades    | |  1.9
Slings         | |  0.3

Action                   |  1- 3 |  4- 6 |  7- 9 | 10-12 || total
-------------------------+-------+-------+-------+-------++-------
Melee: Falchion          |    31 |    21 |       |       ||    52
       Flail             |       |    84 |   163 |   344 ||   591
       Punch             |       |     1 |     2 |     8 ||    11
 Fire: Hunting sling     |    31 |    55 |    31 |     4 ||   121
Throw: Stone             |     3 |       |       |       ||     3
       Dart              |       |     5 |    15 |    15 ||    35
       Boomerang         |       |       |    16 |    26 ||    42
       Throwing net      |       |       |       |     2 ||     2
 Cast: Freeze            |    19 |    20 |       |       ||    39
Evoke: Wand              |       |       |       |    11 ||    11
  Use: Potion            |     2 |     1 |     1 |     1 ||     5
       Scroll            |       |     3 |     8 |     8 ||    19
 Stab: Sleeping          |       |     4 |       |       ||     4
       Distracted        |       |       |     1 |       ||     1
Armor: Leather armour    |    19 |    41 |    23 |       ||    83
       Skin              |     7 |       |       |       ||     7
       Swamp dragon scal |       |       |    19 |   184 ||   203
Dodge: Dodged            |    45 |    61 |   111 |   243 ||   460

Table legend: (Time is in decaauts)
 A = Elapsed time spent in this place.
 B = Non-inter-level travel time spent in this place.
 C = Inter-level travel time spent in this place.
 D = Time resting spent in this place.
 E = Time spent auto-exploring this place.
 F = Levels seen in this place.
 G = Mean time per level.
                   A        B        C        D        E       F      G
               +--------+--------+--------+--------+--------+-----+--------+
         Total |  10829 |  10382 |    447 |    624 |   7408 |  12 |  902.4 |
       Dungeon |  10517 |  10126 |    391 |    624 |   7236 |  10 | 1051.7 |
        Temple |    239 |    183 |     56 |      0 |    169 |   1 |  239.0 |
         Abyss |     72 |     72 |      0 |      0 |      3 |   1 |   72.0 |
               +--------+--------+--------+--------+--------+-----+--------+

Top non-repeatable levels by time:
     D:3: 1653 daAuts
     D:8: 1514 daAuts
     D:2: 1177 daAuts
     D:7: 1139 daAuts
     D:9: 1071 daAuts
     D:5: 1018 daAuts
     D:6: 909 daAuts
     D:1: 901 daAuts
     D:4: 768 daAuts
    D:10: 362 daAuts
  Temple: 239 daAuts
 Abyss:1: 72 daAuts
